 Dungeon Crawl Stone Soup version 0.21.1-1-g345015f (webtiles) character file.

65 letownia2 the Covered (level 3, -4/33 HPs)
             Began as a Deep Dwarf Fighter on Feb 13, 2018.
             Slain by a water moccasin (7 damage)
             ... on level 4 of the Dungeon.
             The game lasted 00:02:31 (306 turns).

letownia2 the Covered (Deep Dwarf Fighter)           Turns: 306, Time: 00:02:32

Health: -4/33      AC:  7    Str: 20    XL:     3   Next: 94%
Magic:  3/3        EV:  9    Int:  8    God:
Gold:   35         SH:  0    Dex: 12    Spells: 2/2 levels left

rFire    . . .     SeeInvis .   a - +2 mace (drain)
rCold    . . .     Gourm    .   (no shield)
rNeg     . . .     Faith    .   j - +0 scale mail
rPois    .         Spirit   .   (no helmet)
rElec    .         Reflect  .   (no cloak)
rCorr    .         Harm     .   (no gloves)
MR       .....                  (no boots)
Stlth    ..........             (no amulet)
HPRegen  0.00/turn              (no ring)
MPRegen  0.08/turn              (no ring)

@: lethally poisoned (-4 -> -4), non-regenerating
A: damage resistance, heal wounds, sense surroundings 1, no regeneration
a: Heal Wounds


You were on level 4 of the Dungeon.
You were not hungry.

You visited 1 branch of the dungeon, and saw 4 of its levels.

You collected 35 gold pieces.

Inventory:

Hand Weapons
 a - a +2 mace of draining (weapon)
 b - a +2 mace of crushing
 e - a +0 war axe
Armour
 c - a +0 shield
 j - a +0 scale mail (worn)
Scrolls
 g - 2 scrolls of enchant weapon {unknown}
 h - 2 scrolls of identify {unknown}
Potions
 d - a potion of might
 i - a potion of degeneration {unknown}
 k - a potion of lignification {unknown}
Comestibles
 f - 3 rations


   Skills:
 - Level 2.6 Fighting
 - Level 2.6(3.0) Axes
 + Level 1.8(2.4) Maces & Flails
 - Level 4.5 Armour
 - Level 3.2 Shields


You had 2 spell levels left.
You didn't know any spells.

Dungeon Overview and Level Annotations

Branches:
Dungeon (4/15)
 Temple: D:4-7

Altars:


Innate Abilities, Weirdness & Mutations

You are resistant to damage.
You can heal yourself by infusing magical energy.
You passively map a small area around you.
You do not regenerate.


Message History

The water moccasin poisons you! The water moccasin bites you.
You closely miss the water moccasin.
The water moccasin bites you but does no damage.
The water moccasin bites you.
You barely miss the water moccasin. The water moccasin bites you.
The water moccasin barely misses you.
You sock the water moccasin!
The water moccasin is moderately wounded.
The water moccasin bites you. The water moccasin barely misses you.
You closely miss the water moccasin.
The water moccasin is moderately wounded.
The water moccasin bites you.
* * * LOW HITPOINT WARNING * * *
You miss the water moccasin.
The water moccasin is moderately wounded.
The water moccasin bites you!
* * * LOW HITPOINT WARNING * * *
You are more poisoned.
The water moccasin poisons you! The water moccasin bites you!
You die...

,
........................
........................
,
........................
,
...........#####.#...#.#
...........# #.#...#,
*######.#### #.#...# ,
** *#.# #(#...# # ,, #.#
###.#...#.# * , * #@#
#.........# , , #S#
#<###...### , ..# *#.#
##### * *.##., , <.# ,,,
, *** * * #. . ,...# * .
*.# ##.#. , , *##* .# ..
. * .# ## # ,, * *


You could see a water moccasin.

Vanquished Creatures
  An orc wizard (D:3)
  An adder skeleton (D:4)
  2 dart slugs
  2 leopard geckos
  3 orcs (D:3)
  2 bats
  A giant cockroach (D:2)
  A goblin (D:3)
  3 hobgoblins
  3 jackals (D:1)
  3 kobolds
  A jackal skeleton (D:4)
  A rat (D:2)
24 creatures vanquished.

Notes
Turn   | Place    | Note
-------+----------+-------------------------------------------
     0 | D:1      | letownia2 the Deep Dwarf Fighter began the quest for the Orb.
     0 | D:1      | Reached XP level 1. HP: 20/20 MP: 1/1
    60 | D:1      | Reached XP level 2. HP: 27/27 MP: 2/2
    92 | D:2      | Reached skill level 1 in Maces & Flails
   220 | D:3      | Reached skill level 4 in Armour
   220 | D:3      | Reached XP level 3. HP: 25/33 MP: 3/3
   296 | D:4      | Noticed a water moccasin
   306 | D:4      | Slain by a water moccasin

Skill      XL: |  1  2 |
---------------+-------+-----
Maces & Flails | 1 |  1.8
Armour         | 4 |  4.5
Fighting       | |  2.6
Axes           | |  2.6
Shields        | |  3.2

Action                   || total
-------------------------++-------
Melee: Mace              ||    61
Armor: Scale mail        ||    28
Dodge: Dodged            ||    30
